 Dungeon Crawl Stone Soup version 0.32-a0-306-gfed3edf829 (webtiles) character file.

Game seed: 7489245088340419281

20773 Bravepunisher the Champion of Chaos (level 12, -1/97 HPs)
             Began as a Spriggan Monk on Feb 14, 2024.
             Was the Champion of Makhleb.
             Slain by a skyshark (5 damage)
             ... on level 2 of the Lair of Beasts.
             The game lasted 00:56:55 (14187 turns).

Bravepunisher the Champion of Chaos (SpMo)         Turns: 14187, Time: 00:57:00

Health: -1/97      AC:  9    Str:  5 (7)  XL:     12   Next: 48%
Magic:  24/24      EV: 22    Int: 15 (18) God:    Makhleb [******]
Gold:   798        SH:  6    Dex: 21 (22) Spells: 11/11 levels left

rFire   . . .        I - +3 scimitar (freeze)
rCold   + . .        a - +0 buckler
rNeg    . . .        M - +0 acid dragon scales
rPois   .            (helmet restricted)
rElec   .            G - +2 cloak
rCorr   +            (gloves unavailable)
SInv    +            (boots unavailable)
Will    ++...        K - amulet of regeneration Stlth
                     k - +6 ring of intelligence
HPRegen 1.16/turn    e - ring of protection from cold
MPRegen 0.19/turn

%: no passive effects
@: berserking (expiring), very quick
A: very small, no large weapons, unfitting armour, see invisible, speed 3
a: Renounce Religion, Minor Destruction, Lesser Servant of Makhleb, Major
Destruction, Greater Servant of Makhleb


You were on level 2 of the Lair of Beasts.
You worshipped Makhleb.
Makhleb was exalted by your worship.
You visited 3 branches of the dungeon, and saw 14 of its levels.

You collected 852 gold pieces.
You spent 54 gold pieces at shops.

Inventory:

Hand Weapons
 I - a +3 scimitar of freezing (weapon)
Missiles
 t - 2 throwing nets (quivered)
Armour
 a - a +0 buckler (worn)
 G - a +2 cloak (worn)
 M - +0 acid dragon scales (worn)
Jewellery
 e - a ring of protection from cold (right hand)
 k - a +6 ring of intelligence (left hand)
 K - an amulet of regeneration (around neck)
Wands
 b - a wand of digging (2)
 y - a wand of roots (13)
 z - a wand of charming (16)
 L - a wand of flame (9)
Scrolls
 d - 2 scrolls of enchant armour {unknown}
 f - 4 scrolls of blinking {unknown}
 h - a scroll of acquirement {unknown}
 i - 5 scrolls of fog {unknown}
 j - 19 scrolls of identify
 o - 9 scrolls of teleportation {unknown}
 p - 2 scrolls of noise {unknown}
 r - 2 scrolls of revelation {unknown}
 s - 2 scrolls of fear {unknown}
 u - 3 scrolls of enchant weapon {unknown}
 x - 2 scrolls of butterflies {unknown}
 C - a scroll of silence {unknown}
 H - a scroll of immolation {unknown}
 J - 2 scrolls of brand weapon {unknown}
Potions
 c - 2 potions of might {unknown}
 l - 4 potions of lignification
 m - a potion of attraction
 n - a potion of heal wounds {unknown}
 q - 3 potions of mutation {unknown}
 v - 2 potions of ambrosia
 w - 2 potions of haste {unknown}
 A - 2 potions of brilliance {unknown}
 B - a potion of berserk rage
 D - a potion of enlightenment {unknown}
 E - 2 potions of degeneration
Miscellaneous
 F - a lightning rod (4/4)


   Skills:
 + Level 8.3 Fighting
 - Level 3.2 Short Blades
 + Level 1.6 Armour
 + Level 11.1 Dodging
 + Level 4.6 Shields
 * Level 15.4 Invocations


You had 11 spell levels left.
You didn't know any spells.
Your spell library contained the following spells:

 Spells                   Type           Power      Damage    Failure   Level
 Freeze                   Ice            0%         1d3       69%         1
 Static Discharge         Conj/Air       0%         3-3/arc   83%         2
 Frozen Ramparts          Ice            0%         1d1       96%         3
 Hailstorm                Conj/Ice       0%         3d5       96%         3
 Stone Arrow              Conj/Erth      0%         3d7       96%         3
 Airstrike                Air            0%         2d(0-16)  100%        4
 Anguish                  Hex/Necr       0%         N/A       100%        4
 Animate Armour           Summ/Erth      0%         N/A       100%        4
 Cause Fear               Hex            0%         N/A       100%        4
 Leda's Liquefaction      Alch/Erth      0%         N/A       100%        4
 Petrify                  Alch/Erth      0%         N/A       100%        4
 Summon Lightning Spire   Summ/Air       0%         N/A       100%        4
 Metabolic Englaciation   Hex/Ice        0%         N/A       100%        5
 Enfeeble                 Hex            0%         N/A       100%        7
 Lehudib's Crystal Spear  Conj/Erth      0%         10d2      100%        8


Dungeon Overview and Level Annotations

Branches:
Dungeon (11/15)            Temple (1/1) D:5            Lair (2/5) D:9
    Orc (0/2) D:10
  Swamp: Lair:2-3    Shoals: Lair:2-3     Snake: Lair:2-3    Spider: Lair:2-3

Altars:
Ashenzari
Cheibriados
Dithmenos
Elyvilon
Fedhas
Gozag
Hepliaklqana
Kikubaaqudgha
Makhleb
Nemelex Xobeh
Okawaru
Qazlal
Ru
Sif Muna
Trog
Uskayaw
Vehumet
Wu Jian
Xom
Yredelemnul
Zin
The Shining One

Shops:
D:4 [   D:9 =

Annotations:
D:5 1 runed translucent door, Dowan; GreenGuy14's ghost, novice HOFi
D:10 Lodul
D:11 Josephine


Innate Abilities, Weirdness & Mutations

You are very small and have problems with some larger weapons.
You are too small for most types of armour.
You have supernaturally acute eyesight. (SInv)
You cover ground extremely quickly. (Speed+++)


Message History

The acid corrodes the plant!
The plant is lightly damaged.
The wolf closely misses you.
Something bites the plant!
The wolf misses you.
You closely miss the wolf. You block the wolf's attack.
Unknown command.
It was a potion of berserk rage.
A red film seems to cover your vision as you go berserk!
You feel yourself moving faster!
You feel mighty!
The skyshark barely misses you. x2; The skyshark closely misses you.
You slash the skyshark! You freeze the skyshark.
The skyshark is moderately wounded.
A nearby plant withers and dies.
The skyshark bites you.
The skyshark enters a blood-rage!
The skyshark tail-slaps you but does no damage.
The skyshark barely misses you.
You closely miss the skyshark.
The skyshark is moderately wounded.
The skyshark barely misses you. The skyshark closely misses you.
You block the skyshark's attack.
You hit the skyshark.
The skyshark seems to slow down.
You freeze the skyshark.
The skyshark is moderately wounded.
The wolf stops to sniff the ground.
The skyshark completely misses you. The skyshark tail-slaps you!
The skyshark barely misses you.
You slice the skyshark!!
The skyshark seems to slow down.
You freeze the skyshark.
The skyshark is heavily wounded.
You block the skyshark's attack. x2; The skyshark barely misses you.
You slice the skyshark!! You freeze the skyshark!
The skyshark is severely wounded.
The skyshark completely misses you. The skyshark tail-slaps you!
* * * LOW HITPOINT WARNING * * *
The skyshark tail-slaps you but does no damage.
You slash the skyshark!
The skyshark seems to slow down.
You freeze the skyshark.
The skyshark is almost dead.
The skyshark bites you!!
* * * LOW HITPOINT WARNING * * *
The skyshark completely misses you. The skyshark tail-slaps you.
You die...

.##.............P...##.# ###
.##.............P..## ## ### #
.##.P..............###### ###.###
.#..#..............##.#.###P††#.#
.##..#....................†......
#.#.##..........#..P....###......
###. ....##..###................
#.###..................†.......
#..#P...###..#@####.....#......
##.......# ####F#####....#...#..
#........######hh........#......
#P....P#..h.......>...........
#.......†......[......h......
##....#.####......... .......
#....#### #......... .......
#....# #......... ....... ##...##
#......... .......


You could see a skyshark (berserk, slow) and 2 wolves.

Vanquished Creatures
  2 two-headed ogres
  A torpor snail (Lair:1)
  Jeremiah (D:6)
  5 cane toads
  5 komodo dragons
  2 rime drakes
  A polar bear (Lair:1)
  7 blink frogs (Lair:1)
  A shadow (D:10)
  23 yaks
  2 wraiths
  4 wyverns
  3 steam dragons
  An acid dragon (D:10)
  7 water moccasins
  2 black bears
  3 orc warriors
  3 sky beasts
  5 ogres
  3 centaurs
  18 wolves
  2 kobold brigands
  2 phantoms
  7 bullfrogs
  A gnoll sergeant (D:8)
  3 scorpions
  12 wights
  2 killer bees (D:8)
  2 electric eels (Lair:2)
  6 howler monkeys
  3 hounds
  4 orc priests
  A jelly (D:5)
  4 gnoll boudas
  4 iguanas
  4 orc wizards
  6 hell rats (Lair:1)
  46 gnolls
  7 adders
  2 white imps
  2 ufetubi (D:7)
  2 dart slugs
  39 orcs
  10 ball pythons
  11 endoplasms
  4 giant cockroaches (D:1)
  11 goblins
  11 hobgoblins
  17 jackals
  16 kobolds
  5 quokkas
  5 bats
  10 frilled lizards
  4 rats
364 creatures vanquished.

Vanquished Creatures (collateral kills)
  Harold (D:10)
  A wraith (D:11)
  A wyvern (D:9)
  A steam dragon (D:7)
  2 yaks (D:10)
  An acid dragon (D:11)
  An orc warrior (D:4)
  An ogre (D:10)
  2 kobold brigands
  A bullfrog (D:7)
  5 wights
  2 killer bees (D:8)
  A gnoll (D:10)
  2 orcs
  A quokka (D:4)
  2 kobolds (D:6)
25 creatures vanquished.

Vanquished Creatures (others)
  2 orcs (D:8)
2 creatures vanquished.

Grand Total: 391 creatures vanquished

Notes
Turn   | Place    | Note
-------+----------+-------------------------------------------
     0 | D:1      | Bravepunisher the Spriggan Monk began the quest for the
                  | Orb.
     0 | D:1      | Reached XP level 1. HP: 11/11 MP: 2/2
   119 | D:1      | Reached XP level 2. HP: 14/16 MP: 3/3
   149 | D:3      | Noticed a centaur
   169 | D:3      | Killed a centaur
   170 | D:3      | Reached XP level 3. HP: 10/20 MP: 4/4
   170 | D:3      | Reached XP level 4. HP: 13/24 MP: 5/5
   355 | D:4      | Noticed a phantom
   372 | D:4      | Noticed a black bear
   386 | D:5      | Entered Level 5 of the Dungeon
   527 | D:5      | Noticed a phantom
   539 | D:5      | Found a staircase to the Ecumenical Temple.
   547 | Temple   | Entered the Ecumenical Temple
   567 | Temple   | Became a worshipper of Makhleb the Destroyer
   567 | Temple   | Reached * piety under Makhleb
   567 | Temple   | Reached ** piety under Makhleb
   594 | D:4      | Found Isearat's Armour Shop.
   596 | D:4      | Noticed an orc warrior
   642 | D:3      | Reached skill level 1 in Invocations
   848 | D:1      | Reached XP level 5. HP: 22/28 MP: 7/7
   967 | D:1      | Reached skill level 2 in Invocations
  1454 | D:1      | Found a faded altar of an unknown god.
  1909 | D:2      | Reached *** piety under Makhleb
  1915 | D:2      | Reached skill level 3 in Invocations
  2134 | D:2      | Found a shimmering altar of Xom.
  2313 | D:3      | Reached XP level 6. HP: 30/32 MP: 9/9
  2355 | D:3      | Reached skill level 4 in Invocations
  2532 | D:3      | Reached skill level 5 in Invocations
  2694 | D:3      | Reached XP level 7. HP: 30/36 MP: 12/12
  2724 | D:3      | Reached skill level 6 in Invocations
  3129 | D:3      | Reached **** piety under Makhleb
  3253 | D:3      | Reached skill level 7 in Invocations
  3514 | D:3      | You fall into a shaft and drop 1 floor!
  3891 | D:3      | Reached skill level 8 in Invocations
  3891 | D:3      | Reached XP level 8. HP: 34/40 MP: 13/15
  4127 | D:4      | Reached ***** piety under Makhleb
  4225 | D:4      | Reached skill level 9 in Invocations
  4898 | D:5      | Found a runed translucent door.
  4903 | D:5      | Noticed GreenGuy14's ghost (novice HOFi)
  5338 | D:5      | Noticed Dowan
  5408 | D:5      | Reached skill level 10 in Invocations
  5904 | D:6      | Reached XP level 9. HP: 17/45 MP: 17/17
  6179 | D:6      | Noticed Jeremiah
  6218 | D:6      | Killed Jeremiah
  6457 | D:6      | Reached skill level 11 in Invocations
  7234 | D:7      | Reached skill level 5 in Fighting
  8025 | D:7      | Found a hide-covered altar of Uskayaw.
  8025 | D:7      | Found a radiant altar of Vehumet.
  8159 | D:8      | Reached skill level 12 in Invocations
  8160 | D:8      | Noticed a two-headed ogre
  8185 | D:8      | Killed a two-headed ogre
  8186 | D:8      | Reached XP level 10. HP: 40/53 MP: 20/20
  9358 | D:4      | Bought a +0 buckler for 54 gold pieces
  9829 | D:9      | Reached skill level 1 in Shields
  9829 | D:9      | Reached skill level 13 in Invocations
  9877 | D:9      | Found a staircase to the Lair.
 10125 | D:9      | Found Jikoar's Jewellery Emporium.
 10432 | D:9      | Noticed a two-headed ogre
 10453 | D:9      | Killed a two-headed ogre
 10712 | D:10     | Entered Level 10 of the Dungeon
 10817 | D:10     | Reached XP level 11. HP: 57/58 MP: 22/22
 11316 | D:10     | Found a staircase to the Orcish Mines.
 11380 | D:10     | Noticed Harold
 11393 | D:10     | Killed Harold
 11535 | D:10     | Noticed Lodul
 11625 | D:10     | Reached skill level 14 in Invocations
 11642 | D:10     | Found a hazy altar of Hepliaklqana.
 12293 | D:11     | Noticed Josephine
 12434 | Lair:1   | Entered Level 1 of the Lair of Beasts
 12569 | Lair:1   | Reached skill level 10 in Dodging
 13160 | Lair:1   | Reached XP level 12. HP: 57/58 MP: 24/24
 13279 | Lair:1   | Reached skill level 15 in Invocations
 13311 | Lair:1   | Reached ****** piety under Makhleb
 13949 | Lair:2   | Reached skill level 1 in Armour
 14187 | Lair:2   | HP: 4/97 [skyshark (23)]
 14187 | Lair:2   | Slain by a skyshark

Illustrated notes

Levels and vault maps discovered:
D:1:      heliophobic_arrival_glass_houses, layout_rooms,
          ebering_ecumenical_altar_webs, nicolae_hexahallways,
          dreamdust_princess_corridor, minivault_26
D:2:      layout_rooms, basic_altar
D:3:      lemuel_castle_with_subvaults [lemuel_castle_interior_original],
          layout_loops_corners
D:4:      layout_cave_pools, serial_shops, shop
D:5:      layout_basic, minmay_temple_entry_statues_fountains,
          ebering_ghost_sewer_d, uniq_duvessa
D:6:      layout_loops_cross, minivault_10, uniq_jeremiah
D:7:      layout_loops_corners, amethyst_overflow_temple_binary,
          kennysheep_generic_room_4
D:8:      layout_cave_pools
D:9:      layout_grid_maze, grunt_lair_entry_orc_guard_hut, serial_shops,
          nicolae_shop_peninsula
D:10:     layout_gridville, kennysheep_mini, david_orc_1_choice,
          nicolae_twisty_statue_hallways, uniq_harold, uniq_lodul
D:11:     layout_roguey, uniq_josephine
Temple:   hellmonk_temple_of_storms
Lair:1:   layout_layer_cave
Lair:2:   layout_gridlike, serial_bayou_shore_a

Skill      XL: |  1  2  3  4  5  6  7  8  9 10 11 12 |
---------------+-------------------------------------+-----
Fighting       | 3 4 5 6 7 8 |  8.3
Dodging        | 6 8 10 11 | 11.1
Invocations    | 1 3 5 8 10 12 13 14 15 | 15.4
Shields        | 2 4 |  4.6
Armour         | 1 |  1.6
Short Blades   | |  3.2

Action                     |  1- 3 |  4- 6 |  7- 9 | 10-12 || total
---------------------------+-------+-------+-------+-------++-------
  Melee: Short sword       |    33 |    16 |    21 |    12 ||    82
         Morningstar       |       |       |       |    22 ||    22
         Scimitar          |       |       |       |   201 ||   201
  Throw: Throwing net      |       |       |       |     3 ||     3
 Invoke: Minor Destruction |       |   199 |   332 |   518 ||  1049
         Lesser Servant of |       |       |     4 |     8 ||    12
  Evoke: Wand              |       |       |     9 |     3 ||    12
    Use: Potion            |     1 |       |     1 |     9 ||    11
   Stab: Sleeping          |     2 |       |       |       ||     2
 Armour: Robe              |    20 |    19 |    47 |    42 ||   128
         Acid dragon scale |       |       |       |   100 ||   100
         Skin              |       |       |       |    15 ||    15
  Dodge: Dodged            |    26 |    76 |   124 |   394 ||   620
  Block: Buckler           |       |       |       |   118 ||   118

Table legend: (Time is in decaauts)
 A = Elapsed time spent in this place.
 B = Non-inter-level travel time spent in this place.
 C = Inter-level travel time spent in this place.
 D = Time resting spent in this place.
 E = Time spent auto-exploring this place.
 F = Levels seen in this place.
 G = Mean time per level.
                   A        B        C        D        E       F      G
               +--------+--------+--------+--------+--------+-----+--------+
         Total |  10629 |   9931 |    698 |    374 |   6790 |  14 |  759.2 |
       Dungeon |   9266 |   8634 |    632 |    355 |   6088 |  11 |  842.4 |
        Temple |     25 |      3 |     22 |      0 |      0 |   1 |   25.0 |
          Lair |   1337 |   1294 |     43 |     19 |    701 |   2 |  668.5 |
               +--------+--------+--------+--------+--------+-----+--------+

Top non-repeatable levels by time:
     D:3: 1502 daAuts
     D:7: 1248 daAuts
    D:10: 1073 daAuts
     D:9: 988 daAuts
  Lair:1: 970 daAuts
     D:6: 916 daAuts
     D:5: 850 daAuts
     D:1: 831 daAuts
     D:8: 666 daAuts
     D:2: 515 daAuts
     D:4: 462 daAuts
  Lair:2: 367 daAuts
    D:11: 211 daAuts
  Temple: 25 daAuts
